Map: Orbital Shipyard

Players

PerseVerAnce

  • Race: Terran Terran
  • League: Platinum

Mark - Winner!

  • Race: Terran Terran
  • League: Gold

VOD

Have the link to the VOD?

Description

Time

  • Played on: Feb. 10, 2016, 2:43 a.m.
  • Length: 5:30
Show
View Real Time Build Order
Export as new Build Order

PerseVerAnce Terran 

Build Orders:  

Get SALT Encoding   

  12  0:00  SCV  
  13  0:13  SCV  
  14  0:17  Supply Depot  
  14  0:25  SCV  
  15  0:39  SCV  
  15  0:42  Barracks  
  16  0:49  Refinery  
  16  0:51  SCV  
  17  1:03  SCV  
  18  1:15  SCV  
  19  1:27  SCV  
  20  1:34  Bunker, Reaper  
  21  1:41  Orbital Command  
  21  1:42  Supply Depot  
  21  1:50  Refinery  
  21  2:08  Command Center, SCV  
  22  2:10  Marine  
  23  2:20  SCV  
  24  2:31  Marine  
  24  2:32  Factory, SCV  
  26  2:44  SCV  
  26  2:49  Marine  
  28  2:56  SCV, Engineering Bay  
  29  3:09  Supply Depot, Marine, SCV  
  31  3:17  Starport  
  31  3:19  Widow Mine  
  31  3:21  SCV  
  31  3:26  Orbital Command  
  34  3:30  Marine  
  35  3:36  Supply Depot  
  35  3:40  SCV  
  36  3:51  Widow Mine  
  36  3:53  Medivac  
  36  3:55  SCV x2  
  42  3:59  Marine  
  43  4:04  Missile Turret  
  43  4:09  SCV  
  44  4:11  SCV  
  44  4:27  Marine  
  36  4:41  Medivac  
  36  4:45  Marine  
  38  4:49  Hellion  
  38  4:51  SCV  
  38  4:52  SCV  
  43  5:03  Marine, SCV  
  43  5:04  SCV  
  43  5:07  Barracks  
Show
View Real Time Build Order
Export as new Build Order

Mark Terran - Winner!

Build Orders: 1/1/1 

Get SALT Encoding   

  12  0:01  SCV  
  13  0:13  SCV  
  14  0:18  Supply Depot  
  14  0:25  SCV  
  15  0:29  Refinery  
  15  0:40  SCV  
  16  0:46  Barracks  
  16  0:52  SCV  
  17  0:57  Refinery  
  17  1:04  SCV  
  18  1:16  SCV  
  19  1:28  SCV  
  20  1:35  Factory  
  20  1:37  Barracks Reactor  
  20  1:43  Orbital Command  
  20  2:10  SCV  
  20  2:13  Marine x2  
  23  2:20  Starport  
  23  2:26  Supply Depot  
  23  2:41  Command Center  
  23  2:47  SCV  
  23  2:48  Hellion  
  23  2:49  Supply Depot  
  23  2:50  Marine  
  27  2:52  Marine  
  28  3:00  Medivac  
  30  3:08  Marine  
  30  3:10  Marine  
  30  3:12  Supply Depot  
  34  3:13  Hellion  
  34  3:17  SCV  
  35  3:26  Marine  
  36  3:28  Marine  
  36  3:29  SCV  
  38  3:35  Medivac  
  38  3:38  Hellion  
  42  3:44  Marine  
  42  3:46  Supply Depot, Marine  
  44  3:59  Hellion  
  44  4:02  Marine  
  47  4:05  Viking  
  46  4:33  Orbital Command  
  46  4:35  SCV  
  45  4:47  SCV  
  46  4:56  Marine x2  
  46  4:57  Hellion, Medivac  
  46  4:59  SCV  
  52  5:01  SCV  
  53  5:11  SCV  
  53  5:13  SCV  
  54  5:24  Factory Tech Lab  
Tags
 
Add a new tag
Caveats
  • Supply blocks, unpowered buildings, or Contaminate may cause inaccurate times.
  • Supply counts are checked every 10 seconds.